 Dungeon Crawl Stone Soup version 0.30-a0-322-g102857c98e (webtiles) character file.

Game seed: 11409749717400681807

129 Pooter the Chopper (level 4, -2/41 HPs)
             Began as a Minotaur Fighter on Oct 27, 2022.
             Killed by nerve-wracking pain
             ... invoked by Grinder
              (14 damage)
             ... while paralysed by Grinder
             ... on level 3 of the Dungeon.
             The game lasted 00:05:15 (1687 turns).

Pooter the Chopper (Minotaur Fighter)               Turns: 1687, Time: 00:05:16

Health: -2/41      AC:  8    Str: 22    XL:     4   Next: 88%
Magic:  3/3        EV: -1    Int:  5    God:
Gold:   173        SH:  0    Dex: 10    Spells: 3/3 levels left

rFire   + . .      SeeInvis .    a - +0 war axe
rCold   + . .      Faith    .    c - +0 buckler
rNeg    . . .      Spirit   .    b - +0 scale mail
rPois   .          Reflect  .    (helmet restricted)
rElec   .          Harm     .    j - scarf {rC+ rF+}
rCorr   .          Rampage  .    f - +0 pair of gloves
Will    .....                    (no boots)
Stlth   ..........               (no amulet)
HPRegen 0.26/turn                (no ring)
MPRegen 0.08/turn                (no ring)

@: paralysed, constricted
A: horns 2, retaliatory headbutt
a: no special abilities


You were on level 3 of the Dungeon.
You visited 1 branch of the dungeon, and saw 3 of its levels.

You collected 173 gold pieces.

Inventory:

Hand Weapons
 a - a +0 war axe (weapon)
 e - a +2 hand axe of flaming
   (You found it on level 1 of the Dungeon)
Missiles
 Q - 35 stones (quivered)
Armour
 b - a +0 scale mail (worn)
 c - a +0 buckler (worn)
 f - a +0 pair of gloves (worn)
   (You found it on level 1 of the Dungeon)
 j - a scarf of resistance (worn)
   (You found it on level 1 of the Dungeon)
Jewellery
 k - a ring of ice
   (You found it on level 1 of the Dungeon)
Scrolls
 h - a scroll of identify {unknown}
 l - a scroll of acquirement {unknown}
 n - a scroll of silence
 r - a scroll of blinking {unknown}
Potions
 d - a potion of might
 g - a potion of degeneration {unknown}
 i - 2 potions of experience {unknown}
 m - a potion of brilliance {unknown}
 o - a potion of lignification {unknown}
 p - a potion of magic {unknown}
 q - a potion of haste {unknown}


   Skills:
 + Level 4.8 Fighting
 * Level 5.3 Axes
 - Level 3.6 Armour
 - Level 3.6 Shields


You had 3 spell levels left.
You didn't know any spells.
Your spell library contained the following spells:

 Spells                   Type           Power      Damage    Failure   Level
 Ensorcelled Hibernation  Hex/Ice        0%         N/A       95%         2
 Passwall                 Tmut/Erth      0%         N/A       95%         2
 Swiftness                Air            0%         N/A       99%         3


Dungeon Overview and Level Annotations

Branches:
Dungeon (3/15)

Altars:

Annotations:
D:3 Grinder


Innate Abilities, Weirdness & Mutations

You have a pair of horns on your head.
You reflexively headbutt those who attack you in melee.


Message History

You hit the bush but do no damage.
You headbutt the bush, but do no damage.
You hit the bush. You hit the bush but do no damage. You hit the bush.
You hit the bush but do no damage. You hit the bush. You headbutt the bush.
You hit the bush but do no damage. You hit the bush.
You headbutt the bush, but do no damage.
You hit the bush but do no damage. You slash the bush! You slash the bush!
You destroy the bush!
Done exploring.
There is a stone staircase leading down here.
You climb downwards.
Grinder shouts!
The ball python hisses angrily.
The adder hisses angrily.
Found 5 javelins.
There is a stone staircase leading up here.
The ball python barely misses you. The ball python grabs you.
You stop ascending the stairs.
The ball python constricts you.
You escape the ball python's grasp.
Grinder hits you.
You writhe in agony.
You hit Grinder. The ball python bites you. The ball python grabs you.
The ball python constricts you. Grinder hits you.
You writhe in agony.
You hit Grinder but do no damage. You hit the adder but do no damage.
You hit the ball python.
The ball python bites you but does no damage.
The ball python constricts you. You block the adder's attack.
Grinder gestures at you.
You suddenly lose the ability to move!
The ball python bites you but does no damage.
The ball python constricts you. The adder bites you but does no damage.
Grinder hits you.
* * * LOW HITPOINT WARNING * * *
You writhe in agony.
* * * LOW HITPOINT WARNING * * *
The ball python bites you.
* * * LOW HITPOINT WARNING * * *
The ball python constricts you. The adder bites you but does no damage.
Grinder hits you.
* * * LOW HITPOINT WARNING * * *
The ball python bites you but does no damage.
The ball python constricts you. The adder bites you but does no damage.
The ball python bites you but does no damage.
The ball python constricts you. The adder bites you but does no damage.
Grinder says, "There's only one good use for a tongue: cutting it out."
Grinder gestures at you. Pain shoots through your body!
You die...

. . .### ###...
####(#..
......#
#+####...#
......S5<#.#
.......@...#
......#S......#
..###
#.........
#.#.....#.
#.#.##### #+#..
.##


You could see Grinder, an adder and a ball python.

Vanquished Creatures
  8 adders (D:2)
  10 ball pythons
  5 endoplasms
  A giant cockroach (D:2)
  2 goblins
  5 hobgoblins
  7 jackals (D:2)
  5 kobolds
  3 quokkas
  6 bats
  3 rats
  A bush (D:2)
56 creatures vanquished.

Vanquished Creatures (others)
  3 plants (D:2)
3 creatures vanquished.

Grand Total: 59 creatures vanquished

Notes
Turn   | Place    | Note
-------+----------+-------------------------------------------
     0 | D:1      | Pooter the Minotaur Fighter began the quest for the Orb.
     0 | D:1      | Reached XP level 1. HP: 19/19 MP: 0/0
    96 | D:1      | Reached skill level 3 in Axes
   107 | D:1      | Reached XP level 2. HP: 21/27 MP: 1/1
   275 | D:1      | Found a faded altar of an unknown god.
   540 | D:2      | Reached XP level 3. HP: 33/33 MP: 2/2
   639 | D:2      | Reached skill level 4 in Axes
  1125 | D:2      | Reached XP level 4. HP: 41/41 MP: 3/3
  1186 | D:2      | Reached skill level 5 in Axes
  1680 | D:3      | Noticed Grinder
  1684 | D:3      | Paralysed by Grinder for 4 turns
  1687 | D:3      | Killed from afar by Grinder

Illustrated notes

Levels and vault maps discovered:
D:1:      mushboom_english_gardens, layout_rooms,
          hellmonk_ecumenical_altar_arch_garden, interstate_on_off
D:2:      layout_basic, serial_forest, infiniplex_forest_lined_room_3,
          infiniplex_forest_lined_2, infiniplex_forest_straight_3,
          infiniplex_forest_end_1, infiniplex_forest_straight_3,
          infiniplex_forest_clump_medium, minmay_crystal_water,
          chequers_serial_rivers_small_b, minmay_snake_closets
D:3:      layout_basic, kennysheep_pointless_box, kennysheep_nondescript,
          uniq_robin, uniq_grinder

Skill      XL: |  1  2  3  4 |
---------------+-------------+-----
Axes           | 3 4 5 |  5.3
Fighting       | 4 |  4.8
Armour         | |  3.6
Shields        | |  3.6

Action                   |  1- 3 |  4- 6 || total
-------------------------+-------+-------++-------
Melee: War axe           |    77 |    86 ||   163
       Headbutt          |    12 |    21 ||    33
  Use: Scroll            |       |     1 ||     1
Armor: Scale mail        |    31 |    34 ||    65
Dodge: Dodged            |    43 |    18 ||    61
Block: Buckler           |    29 |    14 ||    43

Table legend: (Time is in decaauts)
 A = Elapsed time spent in this place.
 B = Non-inter-level travel time spent in this place.
 C = Inter-level travel time spent in this place.
 D = Time resting spent in this place.
 E = Time spent auto-exploring this place.
 F = Levels seen in this place.
 G = Mean time per level.
                   A        B        C        D        E       F      G
               +--------+--------+--------+--------+--------+-----+--------+
         Total |   1742 |   1683 |     59 |     35 |   1205 |   3 |  580.7 |
       Dungeon |   1742 |   1683 |     59 |     35 |   1205 |   3 |  580.7 |
               +--------+--------+--------+--------+--------+-----+--------+

Top non-repeatable levels by time:
     D:2: 1259 daAuts
     D:1: 475 daAuts
     D:3: 7 daAuts
